 Dungeon Crawl Stone Soup version 0.30-a0-1074-g5db6f66fbb (webtiles) character file.

Game seed: 11871975650637165441

11601 mandoloar the Martial Artist (level 11, -3/92 HPs)
             Began as an Octopode Transmuter on Apr 13, 2023.
             Was a High Priest of Cheibriados.
             Slain by a torpor snail (20 damage)
             ... on level 9 of the Dungeon.
             The game lasted 00:33:13 (11214 turns).

mandoloar the Martial Artist (Octopode Transmuter) Turns: 11214, Time: 00:33:14

Health: -3/92      AC: 10    Str: 21    XL:     11   Next: 80%
Magic:  26/31      EV: 28    Int: 30    God:    Cheibriados [*****.]
Gold:   612        SH:  0    Dex: 30    Spells: 18/25 levels left

rFire   x . .      SeeInvis +    a - melded +2 shortbow (heavy)
rCold   + + +      Faith    .    (shield currently unavailable)
rNeg    . . .      Spirit   .    P - melded +2 hat
rPois   +          Reflect  .    f - amulet of regeneration
rElec   .          Rampage  .    c - ring of protection from cold
rCorr   .                        i - ring of see invisible
Will    .....                    o - +5 ring of evasion
Stlth   +++                      r - ring of magical power
HPRegen 1.15/turn                u - +5 ring of evasion
MPRegen 0.22/turn                z - +6 ring of dexterity
                                 J - ring of protection from cold
                                 (no ring)

@: ice-form, wereblooded, slowed, studying Summonings, very slow
A: freezing attack, boosted hp, almost no armour, amphibious, 8 rings, large,
(camouflage 1), (gelatinous body 1), (nimble swimmer 1), (tentacles)
a: End Transformation, Renounce Religion, Bend Time, Temporal Distortion,
Slouch, Step From Time


You were on level 9 of the Dungeon.
You worshipped Cheibriados.
Cheibriados was extremely pleased with you.
You were a creature of crystalline ice.
You visited 3 branches of the dungeon, and saw 12 of its levels.
You also visited: Ossuary.

You collected 612 gold pieces.

Inventory:

Hand Weapons
 a - a +2 heavy shortbow (melded)
Missiles
 I - 4 boomerangs
 N - 2 boomerangs of dispersal
 Q - 5 javelins
Armour
 C - a +0 tower shield
 P - a +2 hat (melded)
Jewellery
 c - a ring of protection from cold (left front paw)
 f - an amulet of regeneration (around neck)
 i - a ring of see invisible (right front paw)
 o - a +5 ring of evasion (on tentacle)
 r - a ring of magical power (on tentacle)
 u - a +5 ring of evasion (on tentacle)
 z - a +6 ring of dexterity (on tentacle)
 G - an amulet of magic regeneration
 J - a ring of protection from cold (on tentacle)
Wands
 s - a wand of flame (23)
 A - a wand of polymorph (10)
 K - a wand of charming (27)
Scrolls
 m - a scroll of silence
 n - 3 scrolls of poison
 p - a scroll of identify
 q - a scroll of summoning
 v - 3 scrolls of fear
 x - 3 scrolls of enchant armour
 y - a scroll of vulnerability
 B - 2 scrolls of teleportation
 H - a scroll of fog
 M - a scroll of enchant weapon
 O - 3 scrolls of immolation
Potions
 b - 2 potions of invisibility
 d - 2 potions of flight
 e - 4 potions of curing
 g - 2 potions of heal wounds
 j - 5 potions of mutation
 k - 4 potions of lignification
 l - a potion of magic
 w - 3 potions of might
 F - a potion of brilliance


   Skills:
 + Level 7.9 Fighting
 + Level 8.2 Dodging
 + Level 0.7 Stealth
 + Level 8.6 Unarmed Combat
 + Level 7.5 Spellcasting
 + Level 8.2 Transmutations
 - Level 5.0 Ice Magic
 + Level 0.4 Invocations


You had 18 spell levels left.
You knew the following spells:

 Your Spells              Type           Power      Damage    Failure   Level
a - Beastly Appendage     Tmut           100%       N/A       1%          1
b - Wereblood             Tmut           57%        N/A       1%          2
c - Ice Form              Ice/Tmut       50%        N/A       3%          4

Your spell library contained the following spells:

 Spells                   Type           Power      Damage    Failure   Level
 Spider Form              Tmut/Pois      36%        N/A       2%          3
 Summon Small Mammal      Summ           44%        N/A       4%          1
 Hailstorm                Conj/Ice       26%        3d7       4%          3
 Call Canine Familiar     Summ           11%        N/A       14%         3
 Summon Guardian Golem    Hex/Summ       11%        N/A       14%         3
 Vhi's Electric Charge    Tloc/Air       22%        N/A       14%         3
 Arcjolt                  Conj/Air       5%         1d15      77%         5
 Simulacrum               Ice/Necr       13%        N/A       94%         6
 Maxwell's Capacitive Co  Air            5%         ∞         100%        8


Dungeon Overview and Level Annotations

Branches:
Dungeon (10/15)            Temple (1/1) D:6            Lair (1/5) D:9
Ossuary (visited)
    Orc: D:9-12

Altars:
Ashenzari
Cheibriados
Dithmenos
Elyvilon
Fedhas
Gozag
Hepliaklqana
Kikubaaqudgha
Makhleb
Nemelex Xobeh
Okawaru
Qazlal
Ru
Sif Muna
Trog
Uskayaw
Vehumet
Wu Jian
Xom
Yredelemnul
Zin
The Shining One

Shops:
D:2 !   D:7 *

Portals:
Trove: D:10 (give 7 scrolls of fear)

Annotations:
D:7 4 runed translucent doors
D:9 3 runed translucent doors, BleedingAnus's ghost, novice MiFi


Innate Abilities, Weirdness & Mutations

You are a creature of crystalline ice.
You have a powerful freezing melee attack.
Your maximum health is increased.
Your armour is entirely melded.
You are incapable of wielding weapons or throwing items.
You cannot wear most types of armour.
You are amphibious.
You can wear up to eight rings at the same time.
((Your skin changes colour to match your surroundings (Stealth+).))
((Your rubbery body absorbs attacks. (AC +1, EV +1)))
((You are camouflaged when in or above water. (Stealth+)))
((You have tentacles for arms and can constrict up to eight enemies at once.))


Message History

The yak is almost dead.
The blink frog misses you. The yak completely misses you.
The blink frog barely misses you.
You pummel the yak!! You freeze the yak.
You kill the yak!
Cheibriados thoroughly appreciates the change of pace.
The blink frog blinks!
The blink frog hits you!
* * * LOW HITPOINT WARNING * * *
The blink frog blinks!
You punch the blink frog!
The blink frog seems to slow down.
You freeze the blink frog.
The blink frog is heavily wounded.
You warm up again.
Your +2 heavy shortbow unmelds from your body.
Your +2 hat unmelds from your body.
The blink frog completely misses you.
Casting: Ice Form (dangerous; 3% risk of failure)
Confirm with . or Enter, or press ? or * to list all spells.
You turn into a creature of crystalline ice.
Your +2 heavy shortbow melds into your body.
Your +2 hat melds into your body.
The blink frog hits you but does no damage.
The torpor snail barely misses you.
You pummel the blink frog!! You freeze the blink frog!
You kill the blink frog!
Cheibriados appreciates the change of pace.
You can now step out of the flow of time.
Cheibriados raises the support of your attributes as your movement slows.
The torpor snail completely misses you.
Casting: Ice Form (dangerous; 3% risk of failure)
Confirm with . or Enter, or press ? or * to list all spells.
Your blood is infused with primal strength.
The dream sheep ruffle their wool and motes of dream dust sparkle, to no effect.
The torpor snail closely misses you.
You punch the torpor snail! You freeze the torpor snail.
The torpor snail is moderately wounded.
The blink frog blinks!
The torpor snail closely misses you.
You pummel the torpor snail!! You freeze the torpor snail!
The torpor snail is severely wounded.
The torpor snail bites you!!
You die...

.)...#####....# #..#.u.T...#.
##.### #.#..# #..#########.
##.#######....# #............
......#.......#######..........§.
'♣♣♣♣.#.##.#..#......F..........>
....'......#........Y...........>
..≈.♣.#........YYY..F..........§.
_.≈.♣.#..#######w#####........##.
..≈.♣.#..# #Y# #...#...###.
....+.##.# #[# #...##### #.
'♣♣♣♣###.# #[#####...# #. ..# #.#
#.........# #. ### #.#
#.........## #.
#######.#######..........# #.
#....<.....>.............######.
##.#.#.####.##...................
.^...#.# #.##.#...........##....


You could see a torpor snail and 3 dream sheep.

Vanquished Creatures
  A two-headed ogre (D:10)
  Urug (D:10)
  Pikel (D:7)
  2 manticores
  An unseen horror (D:10)
  A komodo dragon (D:7)
  A hornet (D:7)
  2 blink frogs (D:9)
  A shadow (D:8)
  Eustachio (D:4)
  13 yaks
  A wraith (D:10)
  A wyvern (D:8)
  4 steam dragons
  Menkaure (D:4)
  An acid dragon (D:10)
  2 water moccasins
  Duvessa (D:6)
  2 ice beasts (D:6)
  A black bear (D:5)
  4 orc warriors
  A sky beast (D:6)
  4 centaurs
  4 ogres
  A phantom (D:6)
  3 kobold brigands
  4 bullfrogs
  6 scorpions
  7 wights
  Dowan (D:6)
  10 killer bees
  4 howler monkeys
  6 centaur zombies (Ossuary)
  4 hounds
  3 orc priests
  2 gnoll boudas
  2 human zombies (Ossuary)
  2 jellies
  Jessica (D:2)
  3 iguanas
  13 orc wizards
  2 scorpion zombies (Ossuary)
  2 sleepcaps (D:5)
  3 mummies (Ossuary)
  Robin (D:4)
  7 gnolls
  10 adders
  A shadow imp (D:7)
  3 white imps (D:7)
  5 ufetubi
  2 worms (D:2)
  The ghost of Esekla the Sneak, a weakling OpDe (D:5)
  3 dart slugs
  32 orcs
  2 bats (D:1)
  A bat zombie (D:6)
  8 endoplasms
  3 giant cockroaches
  3 gnoll zombies (Ossuary)
  11 goblins
  6 hobgoblins
  8 jackals
  15 kobolds
  2 quokkas
  5 ball pythons
  A frilled lizard (D:1)
  5 goblin zombies (Ossuary)
  2 hobgoblin zombies (Ossuary)
  A kobold zombie (Ossuary)
  An orc zombie (Ossuary)
  6 rats
  2 rat zombies (D:6)
278 creatures vanquished.

Notes
Turn   | Place    | Note
-------+----------+-------------------------------------------
     0 | D:1      | mandoloar the Octopode Transmuter began the quest for the
                  | Orb.
     0 | D:1      | Reached XP level 1. HP: 13/13 MP: 3/3
   506 | D:1      | Reached XP level 2. HP: 18/18 MP: 3/5
  1201 | D:2      | Found Gosi's Distillery.
  1259 | D:2      | Noticed Jessica
  1282 | D:2      | Killed Jessica
  1283 | D:2      | Reached skill level 1 in Ice Magic
  1283 | D:2      | Reached XP level 3. HP: 18/23 MP: 6/6
  1309 | D:2      | Reached XP level 4. HP: 28/28 MP: 7/7
  1312 | D:2      | Learned a level 2 spell: Wereblood
  1317 | D:2      | Learned a level 4 spell: Ice Form
  2812 | D:3      | Reached XP level 5. HP: 24/34 MP: 4/9
  2864 | D:3      | Found a glowing silver altar of Zin.
  3242 | D:3      | Found a sparkling altar of Nemelex Xobeh.
  3608 | D:4      | Noticed Robin
  3612 | D:4      | Killed Robin
  3613 | D:4      | Reached XP level 6. HP: 33/39 MP: 10/10
  3766 | D:4      | Noticed Eustachio
  3826 | D:4      | Killed Eustachio
  3911 | D:4      | Reached XP level 7. HP: 45/45 MP: 11/11
  3936 | D:4      | Found a shadowy altar of Dithmenos.
  4336 | D:4      | Found a burning altar of Makhleb.
  4394 | D:4      | Noticed Menkaure
  4400 | D:4      | Killed Menkaure
  4630 | D:5      | Entered Level 5 of the Dungeon
  4744 | D:5      | Found a broken altar of Ashenzari.
  5195 | D:5      | Reached XP level 8. HP: 52/52 MP: 12/13
  5307 | D:5      | Found a runed translucent door.
  5320 | D:5      | Noticed Esekla's ghost (weakling OpDe)
  5350 | D:5      | Killed Esekla's ghost
  5745 | D:6      | Reached skill level 5 in Unarmed Combat
  5914 | D:6      | Reached XP level 9. HP: 59/59 MP: 15/15
  5922 | D:6      | Reached skill level 5 in Transmutations
  5925 | D:6      | Reached skill level 5 in Dodging
  6062 | D:6      | Found a basalt altar of Yredelemnul.
  6228 | D:6      | Identified the +4 chain mail of Sunlight {*Slow rElec rN+
                  | Dex+4}
  6317 | D:6      | Noticed Duvessa
  6318 | D:6      | Noticed Dowan
  6330 | D:6      | Killed Duvessa
  6338 | D:6      | Reached skill level 5 in Spellcasting
  6341 | D:6      | Killed Dowan
  6342 | D:6      | Reached skill level 5 in Fighting
  6436 | D:6      | Found a staircase to the Ecumenical Temple.
  6440 | Temple   | Entered the Ecumenical Temple
  6584 | Temple   | Became a worshipper of Cheibriados the Contemplative
  6777 | D:6      | Found an ancient bone altar of Kikubaaqudgha.
  7033 | D:7      | Found a sand-covered staircase.
  7039 | Ossuary  | Entered an ossuary
  7086 | Ossuary  | Reached skill level 5 in Ice Magic
  7237 | Ossuary  | Reached * piety under Cheibriados
  7655 | D:7      | Reached XP level 10. HP: 67/67 MP: 18/18
  7748 | D:7      | Found a sacrificial altar of Ru.
  7820 | D:7      | Reached ** piety under Cheibriados
  7886 | D:7      | Found a large runed translucent door.
  7887 | D:7      | Found a large runed translucent door.
  7930 | D:7      | Noticed a manticore
  7937 | D:7      | Killed a manticore
  7977 | D:7      | Noticed a gargoyle
  7977 | D:7      | Noticed a boulder beetle
  7989 | D:7      | Found a large runed translucent door.
  7989 | D:7      | Found a large runed translucent door.
  8130 | D:7      | Found Napsyc's Fire Supplies.
  8219 | D:7      | Noticed Pikel
  8247 | D:7      | Killed Pikel
  8859 | D:8      | Found a stormy altar of Qazlal.
  8868 | D:8      | Reached *** piety under Cheibriados
  9382 | D:9      | Noticed a manticore
  9400 | D:9      | Killed a manticore
  9403 | D:9      | Reached XP level 11. HP: 51/74 MP: 20/20
  9492 | D:9      | Noticed a cyan ugly thing
  9493 | D:9      | Noticed BleedingAnus's ghost (novice MiFi)
  9497 | D:9      | Found a staircase to the Lair.
  9503 | D:9      | Found a runed translucent gate.
  9503 | D:9      | Found a runed translucent gate.
  9503 | D:9      | Found a runed translucent gate.
  9637 | D:9      | Found a hazy altar of Hepliaklqana.
  9684 | D:9      | Reached **** piety under Cheibriados
 10137 | D:10     | Entered Level 10 of the Dungeon
 10310 | D:10     | Found a shimmering blue altar of Sif Muna.
 10311 | D:10     | Found a white marble altar of Elyvilon.
 10352 | D:10     | Noticed a two-headed ogre
 10362 | D:10     | Killed a two-headed ogre
 10532 | D:10     | Noticed Urug
 10549 | D:10     | Killed Urug
 10593 | D:10     | Identified the +2 ring mail "Jujuth Telatz" {Rampage rN+
                  | Dex-3}
 10789 | D:10     | Found a portal to a secret trove of treasure.
 11153 | Lair:1   | Entered Level 1 of the Lair of Beasts
 11211 | D:9      | Reached ***** piety under Cheibriados
 11214 | D:9      | Slain by a torpor snail

Illustrated notes

Levels and vault maps discovered:
D:1:      tarquinn_simple_flora_water_f, layout_basic
D:2:      layout_rooms, serial_shops, shop, uniq_jessica
D:3:      layout_loops_ring, nemelex_diamond_rough_becter,
          mainiacjoe_overflow_surrounded_room
D:4:      layout_basic, nicolae_overflow_hidden_temple,
          nicolae_dithmenos_the_darkroom, uniq_menkaure, uniq_robin,
          uniq_eustachio
D:5:      layout_gridville, cheibrodos_ashenzari_chains, ebering_ghost_sewer_d,
          hangedman_abyss_or_decor_passed, minmay_manual_mail
D:6:      minmay_evil_eye, layout_rooms, lemuel_zombie_altar_kikubaaqudgha,
          marbit_many_paths, temple_hall_moat, chequers_mini_garden,
          dk_noncrumbling_2, uniq_duvessa
D:7:      layout_gridville, kennysheep_little_box, nicolae_ossuary_entry_ruins,
          nicolae_shop_fire_sale [nicolae_sub_dead_trees],
          minmay_hollow_rounded_squares, uniq_pikel
D:8:      layout_basic, mainiacjoe_overflow_chevrons, nicolae_titane
D:9:      layout_loops_cross, mainiacjoe_overflow_six_doors_small,
          lair_entry_dummy, gammafunk_ghost_split, serial_glass,
          glass_columns_b, glass_columns_b, glass_columns_a, glass_columns_a,
          glass_columns_a, glass_columns_c, glass_columns_a, glass_columns_c,
          due_unseen_surprise, feat_on_display, minmay_strange_pillars
D:10:     layout_long_grid, nicolae_overflow_two_pavilions,
          nicolae_trove_entry_crossroad, uniq_urug
Temple:   hellmonk_temple_flake
Lair:1:   layout_hall_layers, serial_bayou_shore_a

Skill      XL: |  1  2  3  4  5  6  7  8  9 10 11 |
---------------+----------------------------------+-----
Ice Magic      | 1 2 3 4 5 |  5.0
Fighting       | 2 3 4 5 6 7 |  7.9
Transmutations | 3 4 6 7 8 |  8.2
Dodging        | 3 4 5 7 8 |  8.2
Spellcasting   | 3 4 5 6 7 |  7.5
Unarmed Combat | 4 5 6 7 8 |  8.6
Stealth        | |  0.7
Invocations    | |  0.4

Action                     |  1- 3 |  4- 6 |  7- 9 | 10-12 || total
---------------------------+-------+-------+-------+-------++-------
  Melee: Unarmed           |    42 |   100 |   277 |   282 ||   701
         Constrict         |    12 |    25 |     4 |       ||    41
         Tentacles         |    10 |    13 |     4 |       ||    27
         Kick              |     6 |    38 |     2 |       ||    46
         Punch             |     3 |     2 |       |       ||     5
   Fire: Sling             |       |    35 |     2 |       ||    37
         Longbow           |       |       |    11 |     7 ||    18
         Shortbow          |       |       |       |    19 ||    19
   Cast: Beastly Appendage |    16 |    17 |     6 |       ||    39
         Wereblood         |       |     6 |    26 |    20 ||    52
         Ice Form          |       |     2 |    39 |    30 ||    71
Ability: End Transformatio |       |       |     1 |     1 ||     2
    Use: Scroll            |       |     9 |     4 |    12 ||    25
         Potion            |       |       |     1 |     1 ||     2
   Stab: Sleeping          |     2 |     2 |       |       ||     4
 Armour: Skin              |     2 |    10 |    46 |    42 ||   100
  Dodge: Dodged            |    37 |   114 |   242 |   411 ||   804

Table legend: (Time is in decaauts)
 A = Elapsed time spent in this place.
 B = Non-inter-level travel time spent in this place.
 C = Inter-level travel time spent in this place.
 D = Time resting spent in this place.
 E = Time spent auto-exploring this place.
 F = Levels seen in this place.
 G = Mean time per level.
                   A        B        C        D        E       F      G
               +--------+--------+--------+--------+--------+-----+--------+
         Total |  12980 |  12034 |    946 |   1271 |   8361 |  13 |  998.5 |
       Dungeon |  12196 |  11263 |    933 |   1241 |   7885 |  10 | 1219.6 |
        Temple |    158 |    146 |     12 |      0 |    132 |   1 |  158.0 |
          Lair |      8 |      8 |      0 |      0 |      0 |   1 |    8.0 |
       Ossuary |    617 |    617 |      0 |     30 |    344 |   1 |  617.0 |
               +--------+--------+--------+--------+--------+-----+--------+

Top non-repeatable levels by time:
    D:10: 1510 daAuts
     D:3: 1450 daAuts
     D:9: 1349 daAuts
     D:8: 1312 daAuts
     D:6: 1259 daAuts
     D:1: 1199 daAuts
     D:4: 1136 daAuts
     D:7: 1057 daAuts
     D:5: 997 daAuts
     D:2: 923 daAuts
 Ossuary: 617 daAuts
  Temple: 158 daAuts
  Lair:1: 8 daAuts
